cohdb
Replays
Latest Replays
All Replays
Popular Replays
Top Player Replays
Match Explorer
How It Works
Community
CoH3 Stats
Reddit
Sign in to upload your games and track your stats! →
Sign in with Steam
Match 40849438
Unlisted
Match 40849438
Overview
Messages
Build Orders
End
Selects Air and Sea Battlegroup
Construct Section Command Post
Vickers Machine Gun Team
Infantry Section
Infantry Section
ML 3-inch Mortar Team
Grenade Package
Selects Supply Surplus
Construct Platoon Command Post
Infantry Section
6-pounder Anti-tank Gun Team
Unlock M3 Stuart Light Tanks
M3 Stuart Light Tank
Construct Company Command Post
Matilda II Heavy Tank
Foot Guards Section
Selects UNKNOWN (223837)
Selects Naval Bombardment
Naval Bombardment
Unlock M3 Grant Medium Tanks
M3 Grant Medium Tank
M3 Grant Medium Tank
KHALIFA-MHR
彡★🔻SALADIN🔻★彡
loleetouchq
fartsmeller24
AlwaysSmile
Toestuber69
0
0
Comments
sign in to comment!
No comments posted yet!